 Dungeon Crawl Stone Soup version 0.15-a0-1253-g15b4f57 (webtiles) character file.

1467 Psiweapon the Covert (level 8, -21/52 HPs)
             Began as a Vampire Enchanter on June 2, 2014.
             Demolished by BluebellGnoll's ghost (31 damage)
             ... on Level 6 of the Dungeon on June 4, 2014.
             The game lasted 00:29:42 (5688 turns).

Psiweapon the Covert (Vampire Enchanter)            Turns: 5688, Time: 00:29:44

HP -21/52        AC  0     Str  3      XL: 8   Next: 48%
MP   8/13        EV 21     Int 17      God:
Gold 311         SH  0     Dex 20      Spells:  3 memorised,  6 levels left

rFire  . . .     SeeInvis +     G - melded +1,+2 dagger (venom)
rCold  + . .     Clarity  .     b - melded +1 robe
rNeg   + + .     rCorr    .     (shield currently unavailable)
rPois  +         rRot     +     (helmet currently unavailable)
rElec  .         Spirit   .     (cloak currently unavailable)
SustAb .         Warding  .     I - melded +0 pair of gloves
rMut   .         Stasis   .     (boots currently unavailable)
Gourm  .                        (no amulet)
MR     .....                    (ring currently unavailable)
                                (ring currently unavailable)

@: bat-form, flying, regenerating slowly, very quick, not resistant to hostile
enchantments, very stealthy
A: bottle blood, (fangs 0), see invisible, (unbreathing)
a: Bottle Blood, End Transformation


You were on level 6 of the Dungeon.
You were very thirsty.
You were in vampire bat-form.
You visited 1 branch of the dungeon, and saw 7 of its levels.

You collected 311 gold pieces.

Inventory:

Hand weapons
 a - a +1,+3 dagger
 e - a +1,+1 hand axe
 p - a +0,+0 sling
 q - a +0,+0 short sword
 y - a +2 blowgun
 E - a +0,+0 spear of freezing
 F - a +0,+0 cutlass
 G - a +1,+2 dagger of venom (melded)
 O - a +0,+1 shortbow
 R - a +3,+0 dagger of venom
 W - a +1,+0 long sword of freezing
Missiles
 d - 16 poisoned needles
 h - a stone (quivered)
 l - 62 arrows
 m - 22 sling bullets
 x - 5 curare-tipped needles
 K - 7 tomahawks
 N - 6 arrows of frost
 V - 5 needles of frenzy
Armour
 b - a +1 robe (melded)
 t - a +0 pair of gloves
 I - a +0 pair of gloves (melded)
Magical devices
 P - a wand of polymorph (13)
 U - a wand of digging (11)
Scrolls
 f - a scroll of blinking {unknown}
 i - a scroll of fog
 k - a scroll of enchant armour
 o - a scroll of teleportation
 r - a scroll of noise
 s - a scroll of amnesia
 u - 5 scrolls of remove curse
 A - a scroll of immolation {unknown}
 B - a scroll of random uselessness {unknown}
 H - 2 scrolls of enchant weapon I {unknown}
 J - a scroll of fear {unknown}
 X - a scroll of identify
Jewellery
 S - an uncursed ring of see invisible
Potions
 g - 2 potions of heal wounds
 j - 2 potions of restore abilities {unknown}
 n - 3 potions of curing
 v - 2 potions of confusion {unknown}
 w - a potion of mutation {unknown}
 z - a potion of lignification {unknown}
 C - 3 potions of brilliance {unknown}
 D - a potion of flight {unknown}
 L - 7 potions of blood
 M - a potion of cure mutation {unknown}
 T - a potion of resistance {unknown}
Books
 c - a book of Maledictions

   Spells                             Type                      Level
   *Corona                            Hexes                        1
   *Sure Blade                        Hexes/Charms                 2
   *Ensorcelled Hibernation           Hexes/Ice                    2
   Confuse                            Hexes                        3
   Dazzling Spray                     Conjuration/Hexes            3
   Enslavement                        Hexes                        4
Magical staves
 Q - an uncursed staff of poison


   Skills:
 + Level 5.1 Short Blades
 - Level 3.0 Dodging
 - Level 10.9 Stealth
 - Level 2.0 Spellcasting
 + Level 10.3 Hexes


You had 6 spell levels left.
You knew the following spells:

 Your Spells              Type           Power        Failure   Level  Hunger
a - Corona                Hex            #####..      3%          1    #......
b - Ensorcelled Hibernat  Hex/Ice        ###...       12%         2    ###....
c - Sure Blade            Hex/Chrm       ###.......   12%         2    ###....


Dungeon Overview and Level Annotations

Branches:
Dungeon (7/15)             Temple (0/1) D:6

Altars:
Fedhas
Trog
Vehumet
Xom
Zin

Annotations:
D:6 BluebellGnoll's ghost, experienced OgBe


Innate Abilities, Weirdness & Mutations

You heal slowly.
You can bottle blood from corpses.
((You have razor-sharp teeth.))*
You have supernaturally acute eyesight.
((You can survive without breathing.))*


Message History

Nothing appears to happen.
U - a wand of digging {zapped: 1} Evoke which item? (* to show all) (? for menu, Esc to quit)
Zapping:
P - a fluorescent wand {zapped: 1} {tried by monster}
Press: ? - help, Shift-Dir - straight line, f/p - BluebellGnoll's ghost
Aim: BluebellGnoll's ghost BluebellGnoll's ghost is unaffected.
P - a wand of polymorph {zapped: 2} BluebellGnoll's ghost hits you!
* * * LOW HITPOINT WARNING * * *
BluebellGnoll's ghost burns you.
* * * LOW HITPOINT WARNING * * *
Use which ability? (? or * to list)
You turn into a vampire bat.
Your +1,+2 dagger of venom melds into your body.
Your +1,+2 dagger of venom stops dripping with poison.
Your +0 pair of gloves melds into your body.
Your +1 robe melds into your body.
BluebellGnoll's ghost hits you!!
Ouch! That really hurt!
You die...

.........................
.........................
.........................
..........................
#######.##############W..
#.# #... #.# #... #.##
#... #.b## #...
##W.######### #...
#..........# #...
#....#.#...# #...
#..p#p#.#..# #..
#.[#.#.#.#.##
#..p#.>.#...###.
#.$#.#.#.#.ZW...
#...#.#.#...#


You could see BluebellGnoll's ghost and 3 neutral freed slaves.

Vanquished Creatures
  Pikel (D:6)
  Edmund (D:5)
  A slave (D:6)
  2 centaurs (D:6)
  An ice beast (D:5)
  A giant frog (D:6)
  2 crimson imps
  A hound (D:6)
  A gnoll shaman (D:4)
  An orc priest (D:5)
  An orc wizard (D:4)
  5 worker ants
  An iguana (D:5)
  Ijyb (D:2)
  7 gnolls (D:4)
  A shadow imp (D:5)
  6 adders
  A giant mite (D:4)
  An orc skeleton (D:4)
  2 giant geckos
  2 oozes
  7 orcs
  A bat skeleton (D:4)
  4 giant cockroaches
  4 hobgoblins
  4 jackals (D:2)
  11 kobolds
  A quokka (D:2)
  3 ball pythons
  7 bats
  A giant gecko skeleton (D:4)
  A giant gecko zombie (D:5)
  11 giant newts
  17 goblins
  6 rats
118 creatures vanquished.

Notes
Turn   | Place    | Note
--------------------------------------------------------------
     0 | D:1      | Psiweapon, the Vampire Enchanter, began the quest for the Orb.
     0 | D:1      | Reached XP level 1. HP: 13/13 MP: 3/3
   149 | D:2      | Reached XP level 2. HP: 8/19 MP: 4/4
   211 | D:2      | Noticed Ijyb
   505 | D:1      | Reached skill level 5 in Stealth
   936 | D:2      | Reached XP level 3. HP: 11/24 MP: 6/6
  1405 | D:2      | Killed Ijyb
  1569 | D:2      | Reached XP level 4. HP: 27/30 MP: 7/7
  1778 | D:3      | Reached skill level 6 in Stealth
  1902 | D:3      | Found a radiant altar of Vehumet.
  1928 | D:3      | Learned a level 2 spell: Ensorcelled Hibernation
  2018 | D:3      | Upgraded the game from 0.15-a0-1224-g3833f9c to 0.15-a0-1253-g15b4f57
  2299 | D:3      | Found a glowing silver altar of Zin.
  2435 | D:3      | Found a bloodstained altar of Trog.
  2983 | D:4      | Reached XP level 5. HP: 26/35 MP: 9/9
  3095 | D:4      | Reached skill level 7 in Stealth
  3305 | D:4      | Reached skill level 5 in Hexes
  3317 | D:4      | Found a shimmering altar of Xom.
  3531 | D:4      | Found a blossoming altar of Fedhas.
  3857 | D:4      | Learned a level 2 spell: Sure Blade
  4072 | D:4      | Reached skill level 8 in Stealth
  4072 | D:4      | Reached XP level 6. HP: 35/41 MP: 10/10
  4276 | D:5      | Entered Level 5 of the Dungeon
  4329 | D:6      | Reached skill level 9 in Stealth
  4369 | D:6      | Reached XP level 7. HP: 46/46 MP: 12/12
  4598 | D:5      | Noticed Edmund
  4607 | D:5      | Killed Edmund
  4607 | D:5      | Reached skill level 10 in Stealth
  4941 | D:5      | Noticed BluebellGnoll's ghost (experienced OgBe)
  5599 | D:6      | Reached XP level 8. HP: 48/52 MP: 13/13
  5639 | D:6      | Noticed BluebellGnoll's ghost (experienced OgBe)
  5650 | D:6      | Found a staircase to the Ecumenical Temple.
  5650 | D:6      | Noticed Pikel
  5680 | D:6      | Killed Pikel
  5680 | D:6      | Reached skill level 5 in Short Blades
  5680 | D:6      | Reached skill level 10 in Hexes
  5688 | D:6      | Demolished by BluebellGnoll's ghost

Action                   |  1- 3 |  4- 6 |  7- 9 || total
-------------------------+-------+-------+-------++-------
Melee: Dagger            |   161 |   110 |    35 ||   306
       Short sword       |    17 |       |       ||    17
 Fire: Sling             |     7 |       |       ||     7
       Blowgun           |       |    19 |     3 ||    22
Throw: Stone             |     1 |       |       ||     1
 Cast: Ensorcelled Hiber |       |    21 |    17 ||    38
       Corona            |       |     2 |       ||     2
 Abil: Bottle Blood      |       |     2 |     4 ||     6
       Bat Form          |       |       |     2 ||     2
       End Transformatio |       |       |     1 ||     1
Evoke: Wand              |       |       |     2 ||     2
  Use: Potion            |     2 |       |       ||     2
       Scroll            |       |     9 |       ||     9
 Stab: Sleeping          |     9 |    31 |    18 ||    58
       Distracted        |       |       |     1 ||     1
